[Event "January 9 Late 2024"]
[Site "https://www.chess.com"]
[Date "2024.01.09"]
[Round "9"]
[White "Mikaelyan, Arman"]
[Black "Mendez Fortes, Eduardo Jesus"]
[Result "1-0"]
[Board "38"]
[TimeControl "180+1"]
[WhiteFideId "13304852"]
[BlackFideId "3502376"]
[WhiteElo "2837"]
[BlackElo "2575"]
[WhiteTeam "ARM"]
[BlackTeam "CUB"]
[WhiteClock "0:00:18"]
[BlackClock "0:00:05"]

1. e4 c5 2. Nf3 d6 3. d4 cxd4 4. Nxd4 Nf6 5. Nc3 a6 6. Bc4 e6 7. f4 Be7 8. e5 dxe5 9. fxe5 Nd5 10. O-O Nxc3 11. bxc3 O-O 12. Qh5 Nc6 13. Be3 g6 14. Nxc6 bxc6 15. Qh6 Qa5 16. Bd4 c5 17. Rf3 Bg5 18. Qxg5 cxd4 19. Rh3 h5 20. cxd4 Bb7 21. Rf1 Qd8 22. Qe3 Rc8 23. Bd3 Qd5 24. Qf2 Rcd8 25. c3 Rc8 26. Bb1 Rc7 27. Rg3 Rfc8 28. Bxg6 fxg6 29. Rxg6+ Rg7 30. Qf7+ 1-0

[Event "January 9 Late 2024"]
[Site "https://www.chess.com"]
[Date "2024.01.09"]
[Round "9"]
[White "Van Dael, Siem"]
[Black "Bryakin, Mikhail"]
[Result "0-1"]
[Board "39"]
[TimeControl "180+1"]
[WhiteFideId "1049771"]
[BlackFideId "4165314"]
[WhiteElo "2571"]
[BlackElo "2834"]
[WhiteTeam "NED"]
[BlackTeam "SRB"]
[WhiteClock "0:00:00"]
[BlackClock "0:01:17"]

1. e4 a6 2. d4 b5 3. Bd3 Bb7 4. c3 e6 5. Nf3 c5 6. Nbd2 cxd4 7. cxd4 Nf6 8. O-O Nc6 9. a3 Be7 10. e5 Nd5 11. Ne4 f5 12. exf6 Nxf6 13. Nxf6+ gxf6 14. d5 exd5 15. Nh4 Qc7 16. Qh5+ Kd8 17. Re1 d4 18. Nf5 Bc5 19. Qh4 Rf8 20. Bh6 Rg8 21. Qxf6+ Kc8 22. Qf7 Rxg2+ 23. Kf1 Qxh2 24. Nh4 Rg1+ 25. Ke2 Rxe1+ 26. Rxe1 Qxh4 27. Kd1 Qxh6 28. Bf5 Qd6 29. Qxh7 Kc7 30. Re6 Qd5 31. Rf6 Re8 32. Rf7 Re7 33. Rxe7 Nxe7 34. Bd3 Qh1+ 35. Kc2 Qxh7 36. Bxh7 Kd6 37. Bd3 Ke5 0-1

[Event "January 9 Late 2024"]
[Site "https://www.chess.com"]
[Date "2024.01.09"]
[Round "9"]
[White "Zarnicki, Pablo"]
[Black "Lobanov, Sergei"]
[Result "1/2-1/2"]
[Board "40"]
[TimeControl "180+1"]
[WhiteFideId "100137"]
[BlackFideId "24183750"]
[WhiteElo "2570"]
[BlackElo "2832"]
[WhiteTeam "ARG"]
[BlackTeam "FID"]
[WhiteClock "0:00:09"]
[BlackClock "0:00:08"]

1. e4 c5 2. Nf3 Nc6 3. Bb5 e6 4. O-O Nge7 5. c3 a6 6. Be2 d5 7. exd5 Nxd5 8. d4 cxd4 9. cxd4 Be7 10. Nc3 O-O 11. Re1 Bd7 12. Bc4 Nxc3 13. bxc3 Rc8 14. Bd3 Bf6 15. Qe2 Na5 16. Qe4 g6 17. Bd2 Nc4 18. Bh6 Re8 19. Qf4 Nb2 20. Be4 Na4 21. Bxb7 Rxc3 22. Bxa6 Nb6 23. Bb7 Bc6 24. Bxc6 Rxc6 25. Bg5 Bxg5 26. Nxg5 Re7 27. Qh4 f6 28. Ne4 Rf7 29. a4 Nd5 30. a5 Ra7 31. h3 Kg7 32. Nc5 Rxa5 33. Rxa5 Qxa5 34. Nxe6+ Kg8 35. Qe4 Rd6 36. Nc5 Kg7 37. h4 Qa7 38. Ne6+ Kg8 39. h5 gxh5 40. Qf5 Qf7 41. Nc5 Rd8 42. Rd1 Ne7 43. Qf4 Nc6 44. Ne4 Nxd4 45. Nxf6+ Kg7 46. Rxd4 Rxd4 47. Qxd4 Qxf6 48. Qxf6+ Kxf6 49. Kh2 Kg5 50. Kg3 Kf5 51. Kh4 Kg6 52. g3 Kh6 53. f3 Kg6 54. Kh3 Kg5 55. Kg2 h4 56. g4 Kf4 57. Kh3 Kxf3 58. Kxh4 Kf4 59. Kh5 Kg3 60. g5 Kf4 61. Kh6 Kg4 62. g6 hxg6 63. Kxg6 1/2-1/2

[Event "January 9 Late 2024"]
[Site "https://www.chess.com"]
[Date "2024.01.09"]
[Round "9"]
[White "Rustemov, Alexander"]
[Black "Yurasov, Matfey"]
[Result "1-0"]
[Board "41"]
[TimeControl "180+1"]
[WhiteFideId "4119002"]
[BlackFideId "55617603"]
[WhiteElo "2811"]
[BlackElo "2574"]
[WhiteTeam "RUS"]
[BlackTeam "FID"]
[WhiteClock "0:00:11"]
[BlackClock "0:00:04"]

1. d4 d5 2. c4 c6 3. Nc3 Nf6 4. e3 Bf5 5. cxd5 cxd5 6. Qb3 Qb6 7. Nxd5 Nxd5 8. Qxd5 Bd7 9. Qb3 Qc7 10. Nf3 Nc6 11. Bd2 e6 12. Be2 Bd6 13. O-O O-O 14. Rac1 Rac8 15. h3 h6 16. Rfd1 Rfe8 17. Bc3 Ne7 18. Bd2 Qb8 19. Rxc8 Rxc8 20. Rc1 Rxc1+ 21. Bxc1 Nd5 22. Qc2 Bc6 23. Bd2 Nf6 24. a3 Ne4 25. Be1 Qd8 26. Bd3 Ng5 27. Nxg5 Qxg5 28. Be4 Bxe4 29. Qxe4 Qb5 30. Qc2 a5 31. a4 Qb6 32. b3 Qd8 33. Kf1 Be7 34. Qc4 Qa8 35. f3 b6 36. Ke2 Qb7 37. e4 Bf6 38. Bf2 Be7 39. d5 exd5 40. exd5 Qd7 41. g4 Qd6 42. Qe4 Bf6 43. Qe8+ Kh7 44. Qe4+ g6 45. f4 Qc7 46. Be3 Qc3 47. Qd3 Qb2+ 48. Bd2 Qa1 49. d6 Qh1 50. d7 Qg2+ 51. Kd1 Bd8 52. f5 Qh1+ 53. Kc2 Qc6+ 54. Bc3 Qg2+ 55. Kd1 Qh1+ 56. Kc2 Qg2+ 57. Bd2 Qc6+ 58. Kb1 Qh1+ 59. Kb2 Bf6+ 60. Bc3 Qg2+ 61. Qc2 Bxc3+ 62. Kxc3 Qc6+ 63. Kb2 Qxd7 64. fxg6+ fxg6 65. Qe2 Qd6 66. Qe3 Kg7 67. Kc3 Qb4+ 68. Kc2 Qd6 69. Qc3+ Kf7 70. Qf3+ Kg7 71. Qd3 Qc5+ 72. Qc3+ Kf7 73. Qxc5 bxc5 74. Kd3 Ke7 75. Kc4 Kd6 76. Kb5 Kd5 77. Kxa5 Kd4 1-0

[Event "January 9 Late 2024"]
[Site "https://www.chess.com"]
[Date "2024.01.10"]
[Round "9"]
[White "Wafa, Hamed"]
[Black "Otero Marino, Alain"]
[Result "0-1"]
[Board "42"]
[TimeControl "180+1"]
[WhiteFideId "10628452"]
[BlackFideId "3524876"]
[WhiteElo "2792"]
[BlackElo "2569"]
[WhiteTeam "EGY"]
[BlackTeam "CUB"]
[WhiteClock "0:00:05"]
[BlackClock "0:00:50"]

1. e4 e6 2. d4 d5 3. e5 c5 4. c3 Nc6 5. Nf3 Bd7 6. Be2 cxd4 7. cxd4 Nge7 8. Na3 Nf5 9. Nc2 Nb4 10. Ne3 Nxe3 11. Bxe3 Rc8 12. O-O Nc2 13. Rc1 Nxe3 14. fxe3 Be7 15. Rxc8 Qxc8 16. Bd3 O-O 17. Qd2 Qd8 18. Rc1 Qb6 19. h4 h6 20. h5 Rc8 21. Rxc8+ Bxc8 22. Bb1 f5 23. exf6 Bxf6 24. Qc2 Qc6 25. Qh7+ Kf8 26. Qh8+ Ke7 27. Bg6 Bd7 28. Qg8 Qc1+ 29. Kh2 Qxe3 30. Qf7+ Kd6 31. Qf8+ Kc7 32. Qc5+ Bc6 33. b4 a6 34. a4 Qe2 35. b5 axb5 36. a5 b4 37. Qb6+ Kd7 38. Qxb4 Qb5 39. Qf8 Kc7 40. Ne5 Qxa5 41. Qf7+ Kb8 42. Qxe6 Qc7 43. Bf5 Ka7 44. Kh3 Qb6 45. Bg4 Ka8 46. Qc8+ Ka7 47. Bd7 Bxd7+ 48. Nxd7 Qe6+ 49. Kh2 Qd6+ 50. Kh1 Bxd4 51. Qd8 Bb6 52. Qc8 Qc6 53. Qb8+ Ka6 54. Qa8+ Kb5 55. Qe8 Qc1+ 56. Kh2 Bg1+ 57. Kh3 Qe3+ 58. Qxe3 Bxe3 59. Kg4 Bd4 60. Kf5 Bf6 61. g4 d4 62. Nxf6 gxf6 63. Kxf6 d3 64. g5 d2 65. gxh6 d1=Q 66. Kg7 Qxh5 67. h7 Qxh7+ 68. Kxh7 Kc4 0-1

[Event "January 9 Late 2024"]
[Site "https://www.chess.com"]
[Date "2024.01.09"]
[Round "9"]
[White "Tristan, Leonardo"]
[Black "Serban, Cristian-Stefan"]
[Result "1-0"]
[Board "43"]
[TimeControl "180+1"]
[WhiteFideId "113816"]
[BlackFideId "1241443"]
[WhiteElo "2760"]
[BlackElo "2563"]
[WhiteTeam "ARG"]
[BlackTeam "ROU"]
[WhiteClock "0:01:37"]
[BlackClock "0:00:01"]

1. d4 Nf6 2. Nf3 d5 3. Bf4 c5 4. e3 Nc6 5. c3 Qb6 6. Qc2 Bf5 7. dxc5 Bxc2 8. cxb6 axb6 9. Na3 Bf5 10. Nb5 Rc8 11. h3 h6 12. Be2 g5 13. Bh2 e6 14. Nbd4 Bg6 15. Bb5 Nd7 16. Nxc6 bxc6 17. Ba6 Rd8 18. Nd4 c5 19. Nc6 Ra8 20. Bb7 Ra4 21. Ne5 1-0

[Event "January 9 Late 2024"]
[Site "https://www.chess.com"]
[Date "2024.01.09"]
[Round "9"]
[White "Leitao, Rafael"]
[Black "Rangel, Daniel"]
[Result "1-0"]
[Board "44"]
[TimeControl "180+1"]
[WhiteFideId "2101246"]
[BlackFideId "2124475"]
[WhiteElo "2743"]
[BlackElo "2556"]
[WhiteTeam "BRA"]
[BlackTeam "BRA"]
[WhiteClock "0:01:06"]
[BlackClock "0:00:46"]

1. c4 Nf6 2. Nc3 e6 3. e4 d6 4. d4 Nbd7 5. f4 e5 6. dxe5 dxe5 7. fxe5 Nxe5 8. Qxd8+ Kxd8 9. Bf4 Bd6 10. O-O-O Ke7 11. Kc2 Be6 12. c5 Bxc5 13. Bxe5 Bg4 14. Rd2 Be3 15. Rd3 Bb6 16. Be2 Be6 17. Nf3 Nd7 18. Bg3 c6 19. Bd6+ Ke8 20. Ng5 Bc4 21. Rd2 Bxe2 22. Rxe2 f6 23. Nf3 Kf7 24. Rd1 Ke6 25. Bg3 Rhe8 26. Nd4+ Ke7 27. Nf5+ 1-0

[Event "January 9 Late 2024"]
[Site "https://www.chess.com"]
[Date "2024.01.09"]
[Round "9"]
[White "Yuan, Qingyu"]
[Black "Sadovsky, Artem"]
[Result "1-0"]
[Board "45"]
[TimeControl "180+1"]
[WhiteFideId "8609772"]
[BlackFideId "4155840"]
[WhiteElo "2742"]
[BlackElo "2560"]
[WhiteTeam "CHN"]
[BlackTeam "FID"]
[WhiteClock "0:00:07"]
[BlackClock "0:00:04"]

1. e4 g6 2. d4 Bg7 3. Nc3 c6 4. f4 d5 5. e5 h5 6. Nf3 Nh6 7. Be2 Bg4 8. h3 Bxf3 9. Bxf3 h4 10. Be3 e6 11. O-O Nf5 12. Bf2 Bh6 13. Ne2 g5 14. fxg5 Qxg5 15. Bg4 Nd7 16. c3 O-O-O 17. Kh2 Rdg8 18. Ng1 Ng3 19. Bxg3 hxg3+ 20. Kxg3 Qe3+ 21. Kh2 Bf4+ 22. Kh1 Qg3 23. Rxf4 Qxf4 24. Bf3 Nf8 25. Qe2 Ng6 26. Rf1 Qg3 27. Qf2 Qxf2 28. Rxf2 Kd8 29. Ne2 Nh4 30. Kg1 Ke7 31. Bg4 Rc8 32. b4 b6 33. Nf4 Rh6 34. Nh5 Nf5 35. Nf6 Ne3 36. Be2 c5 37. Ba6 Rc7 38. bxc5 Kf8 39. Rb2 Kg7 40. cxb6 Rxc3 41. b7 Rc1+ 42. Kh2 Nf1+ 43. Bxf1 Rh8 44. b8=Q Rxb8 45. Rxb8 Rxf1 46. Rg8+ Kh6 47. Rd8 Kg5 48. Rd7 Kg6 49. Rxa7 Rf2 50. Ra4 Rxa2 51. Rxa2 Kg5 52. Ra7 Kh4 53. Rxf7 Kg5 54. Rg7+ Kh4 55. Rg4# 1-0

[Event "January 9 Late 2024"]
[Site "https://www.chess.com"]
[Date "2024.01.09"]
[Round "9"]
[White "Weetik, Vjacheslav"]
[Black "Tan, Ralph"]
[Result "0-1"]
[Board "46"]
[TimeControl "180+1"]
[WhiteFideId "4153472"]
[BlackFideId "30966590"]
[WhiteElo "2733"]
[BlackElo "2544"]
[WhiteTeam "RUS"]
[BlackTeam "USA"]
[WhiteClock "0:00:04"]
[BlackClock "0:00:10"]

1. e4 c6 2. d4 d5 3. e5 c5 4. Nf3 Nc6 5. c4 cxd4 6. Nxd4 e6 7. Nc3 Bb4 8. Nxc6 bxc6 9. Qg4 Ne7 10. Bd2 Ng6 11. cxd5 Bxc3 12. Bxc3 exd5 13. Qg3 O-O 14. O-O-O c5 15. h4 d4 16. h5 Ne7 17. Bd2 Qd5 18. Bd3 Bf5 19. Bh6 g6 20. Bxf8 Rxf8 21. hxg6 fxg6 22. Qh4 Rf7 23. e6 Qxe6 24. Rde1 Qxa2 25. Bxf5 Nxf5 26. Re8+ Kg7 27. Qxh7+ Kf6 28. Qh8+ Kg5 29. Qe5 Qa1+ 30. Kc2 Qa4+ 31. Kb1 d3 32. Rc1 d2 33. f4+ Qxf4 34. Qxf4+ Kxf4 35. Rf1+ Kg5 36. Rd8 Nd6 37. Rd1 Ne4 38. Kc2 Rf2 39. Re8 Kf4 40. Kd3 Nf6 41. Re2 Rxe2 42. Kxe2 Ne4 43. Kd3 Nf2+ 44. Kxd2 Nxd1 45. Kxd1 Kg3 0-1

[Event "January 9 Late 2024"]
[Site "https://www.chess.com"]
[Date "2024.01.09"]
[Round "9"]
[White "Akobian, Varuzhan"]
[Black "Khater, Sherif"]
[Result "1-0"]
[Board "47"]
[TimeControl "180+1"]
[WhiteFideId "13300580"]
[BlackFideId "2034280"]
[WhiteElo "2719"]
[BlackElo "2543"]
[WhiteTeam "USA"]
[BlackTeam "USA"]
[WhiteClock "0:01:56"]
[BlackClock "0:00:44"]

1. d4 Nf6 2. c4 g6 3. Nc3 Bg7 4. Bg5 d6 5. e3 O-O 6. Nf3 Nbd7 7. Be2 c5 8. d5 a6 9. a4 h6 10. Bh4 g5 11. Bg3 Nh5 12. Qc2 Nxg3 13. hxg3 Ne5 14. Nxg5 f5 15. Ne6 Bxe6 16. dxe6 Qa5 17. Kf1 Rf6 18. Nd5 Raf8 19. Nxf6+ Rxf6 20. Rd1 Qb6 21. Rh5 Rxe6 22. Rxf5 Rf6 23. Rxf6 Bxf6 24. b3 Qb4 25. f4 Nf7 26. Bh5 Nh8 27. g4 b5 28. axb5 axb5 29. Ke2 bxc4 30. Qxc4+ Qxc4+ 31. bxc4 Kg7 32. Rb1 Nf7 33. Bxf7 Kxf7 34. Kf3 Ke6 35. Ke4 Bh4 36. Rh1 1-0

[Event "January 9 Late 2024"]
[Site "https://www.chess.com"]
[Date "2024.01.09"]
[Round "9"]
[White "Martins, Vinicius Tine"]
[Black "Rozman, Levy"]
[Result "1-0"]
[Board "48"]
[TimeControl "180+1"]
[WhiteFideId "2112884"]
[BlackFideId "2039877"]
[WhiteElo "2523"]
[BlackElo "2715"]
[WhiteTeam "BRA"]
[BlackTeam "USA"]
[WhiteClock "0:00:12"]
[BlackClock "0:00:01"]

1. d4 d5 2. Nf3 Nf6 3. Bf4 e6 4. e3 c5 5. Nbd2 Nc6 6. c3 cxd4 7. exd4 Nh5 8. Bg3 g6 9. Be2 Bg7 10. Nh4 Nxg3 11. hxg3 Bd7 12. Nhf3 Rb8 13. a4 a6 14. O-O O-O 15. b4 Qc7 16. Nb3 Ne7 17. Qd2 Nf5 18. a5 Rbc8 19. Nc5 Bc6 20. Bd3 Nd6 21. Rae1 Bb5 22. Ne5 Bxd3 23. Qxd3 Rfe8 24. f4 f5 25. g4 Ne4 26. g5 Bxe5 27. fxe5 Nxg5 28. g3 Ne4 29. Kg2 Qe7 30. Qe3 Rc7 31. Rh1 Qd8 32. Rh6 Rg7 33. Reh1 Qc8 34. Qf4 Nxc3 35. Qh4 Qc7 36. Qf6 Qe7 37. Rxh7 Rxh7 38. Qxg6+ Rg7 39. Qh5 Qf7 40. Qh8# 1-0

[Event "January 9 Late 2024"]
[Site "https://www.chess.com"]
[Date "2024.01.09"]
[Round "9"]
[White "Tarhan, Adar"]
[Black "Novikova, Galina"]
[Result "1-0"]
[Board "49"]
[TimeControl "180+1"]
[WhiteFideId "34544712"]
[BlackFideId "4157095"]
[WhiteElo "2706"]
[BlackElo "2537"]
[WhiteTeam "TUR"]
[BlackTeam "RUS"]
[WhiteClock "0:02:22"]
[BlackClock "0:02:39"]

1. e4 e6 2. d4 d5 3. Nd2 Nc6 4. Ngf3 g5 5. Bb5 Bd7 6. exd5 exd5 7. O-O Qf6 8. Re1+ Nge7 9. Ne5 O-O-O 10. Nxd7 Rxd7 11. Nf3 h6 12. Ne5 Rd6 13. Qg4+ Re6 14. Nxf7 Nf5 15. Rxe6 Qxe6 16. Nxh8 Ncxd4 17. Bf1 Qe1 18. Be3 Qxa1 19. Bxd4 1-0

[Event "January 9 Late 2024"]
[Site "https://www.chess.com"]
[Date "2024.01.09"]
[Round "9"]
[White "Lopusiewicz, Piotr"]
[Black "Manolache, Marius"]
[Result "0-1"]
[Board "50"]
[TimeControl "180+1"]
[WhiteFideId "1116029"]
[BlackFideId "1201530"]
[WhiteElo "2522"]
[BlackElo "2698"]
[WhiteTeam "POL"]
[BlackTeam "ROU"]
[WhiteClock "0:00:15"]
[BlackClock "0:01:33"]

1. d4 Nf6 2. c4 d6 3. Nf3 c6 4. Nc3 Bf5 5. Nh4 Be6 6. e4 g6 7. Be2 Bg7 8. O-O O-O 9. h3 a5 10. Nf3 Na6 11. d5 Bd7 12. Be3 Rc8 13. Re1 e6 14. dxe6 Bxe6 15. Ng5 Re8 16. Qd2 Qc7 17. Rad1 Rcd8 18. Nxe6 Rxe6 19. f3 Ree8 20. Bf4 Bf8 21. Bf1 Nh5 22. Bh2 Nc5 23. g4 Nf6 24. Qf2 Qb6 25. b3 Qb4 26. Qd2 Nfd7 27. Ne2 Ne5 28. Nd4 g5 29. Qxg5+ Kh8 30. Bxe5+ dxe5 31. Nf5 Ne6 32. Qf6+ Kg8 33. Qxe5 Rd2 34. a3 Qb6+ 35. c5 Qxc5+ 36. Qxc5 Bxc5+ 37. Kh1 Red8 38. Rxd2 Rxd2 39. Re2 Rd1 40. Ng3 Bxa3 41. Kg1 Bc5+ 42. Kg2 Nf4+ 43. Kh2 Nxe2 0-1

[Event "January 9 Late 2024"]
[Site "https://www.chess.com"]
[Date "2024.01.09"]
[Round "9"]
[White "Niekras, Dawid"]
[Black "Martinez Pla, Xavier"]
[Result "1-0"]
[Board "51"]
[TimeControl "180+1"]
[WhiteFideId "1160451"]
[BlackFideId "32074271"]
[WhiteElo "2698"]
[BlackElo "2522"]
[WhiteTeam "POL"]
[BlackTeam "ESP"]
[WhiteClock "0:00:04"]
[BlackClock "0:00:12"]

1. e4 c5 2. Nc3 Nc6 3. Bb5 Nd4 4. Bc4 Nf6 5. Nge2 e6 6. O-O a6 7. a4 Qc7 8. d3 Nc6 9. Bf4 d6 10. Bg3 Be7 11. f4 h5 12. h3 Bd7 13. Qe1 Rg8 14. Bh4 O-O-O 15. Kh1 Rde8 16. Qf2 Rh8 17. Qg3 Rhg8 18. Qf3 Kb8 19. Bg5 Nh7 20. Bxe7 Rxe7 21. Qxh5 Nf6 22. Qg5 Ree8 23. a5 Qd8 24. e5 dxe5 25. fxe5 Nh7 26. Qxd8+ Nxd8 27. Ne4 Nc6 28. Nxc5 Nxe5 29. Nxd7+ Nxd7 30. Rxf7 Nhf6 31. d4 Rc8 32. b3 Rge8 33. Rxg7 e5 34. Rd1 Ne4 35. Rf1 Ndf6 36. dxe5 Rxe5 37. Rf7 Nh5 38. Kh2 Nd6 39. Bd3 Nxf7 40. Rxf7 Rd8 41. Ng3 Nxg3 42. Kxg3 Rg5+ 43. Kh2 Rxa5 44. h4 Rad5 45. Kh3 b5 46. g4 a5 47. h5 a4 48. bxa4 bxa4 49. h6 Rh8 50. h7 a3 51. Kh4 a2 52. Rf1 Ra5 53. Ra1 Kc7 54. g5 Rb8 55. Kh5 Rb1 56. h8=Q Rxa1 57. Qxa1 Kd6 58. Kh6 1-0

[Event "January 9 Late 2024"]
[Site "https://www.chess.com"]
[Date "2024.01.09"]
[Round "9"]
[White "Bellissimo, Joseph F."]
[Black "Martinez Ramirez, Lennis"]
[Result "0-1"]
[Board "52"]
[TimeControl "180+1"]
[WhiteFideId "2609843"]
[BlackFideId "3509079"]
[WhiteElo "2514"]
[BlackElo "2694"]
[WhiteTeam "CAN"]
[BlackTeam "CUB"]
[WhiteClock "0:00:48"]
[BlackClock "0:01:50"]

1. e4 c5 2. Nf3 Nc6 3. c3 e6 4. d4 d5 5. e5 Qb6 6. Bd3 cxd4 7. cxd4 Bd7 8. O-O Nxd4 9. Nxd4 Qxd4 10. Nc3 a6 11. Qe2 Ne7 12. Kh1 Nc6 13. f4 Nb4 14. Bb1 Qc4 15. Qf3 d4 16. Ne4 d3 17. a3 Bc6 18. Nd2 Qb5 19. Qg3 Nc2 20. Ra2 O-O-O 21. b3 h5 22. h3 h4 23. Qg4 Rh6 24. Nf3 d2 25. Nxd2 Rxd2 26. Bxd2 Qxf1+ 27. Kh2 Qxb1 0-1

[Event "January 9 Late 2024"]
[Site "https://www.chess.com"]
[Date "2024.01.09"]
[Round "9"]
[White "Pesotskiy, Mikhail"]
[Black "Sherman, Raem"]
[Result "0-1"]
[Board "53"]
[TimeControl "180+1"]
[WhiteFideId "34164453"]
[BlackFideId "2822288"]
[WhiteElo "2511"]
[BlackElo "2668"]
[WhiteTeam "RUS"]
[BlackTeam "ISR"]
[WhiteClock "0:00:17"]
[BlackClock "0:00:17"]

1. d4 d5 2. c4 e6 3. Nc3 Nf6 4. cxd5 exd5 5. Bg5 Be7 6. e3 h6 7. Bh4 Bg4 8. Qb3 Nbd7 9. Bd3 O-O 10. Nge2 c5 11. Qxb7 c4 12. Bc2 Rb8 13. Qxa7 Rxb2 14. Rc1 Bxe2 15. Kxe2 Bb4 16. Nxd5 g5 17. Nxb4 Rxb4 18. Bg3 Re8 19. Bd6 Rb2 20. Ba3 Rxa2 21. Rhe1 Ne4 22. Kf1 Qf6 23. f3 Nd2+ 24. Kg1 Nb6 25. Be7 Rxa7 26. Bxf6 Nd5 27. Be5 f6 28. Be4 Nxe4 29. fxe4 Nb4 30. Bxf6 Nd3 31. e5 c3 32. Red1 Nxc1 33. Rxc1 Rc8 34. d5 c2 35. d6 Rb7 36. Kf2 Kf7 37. Ke2 Rb1 38. Kd2 Rxc1 39. Kxc1 Ke6 40. e4 Rc4 41. g4 Rxe4 42. Kxc2 Rxg4 43. Kd3 Rh4 44. Ke3 Rxh2 45. Kf3 Rh3+ 46. Kg4 Rh4+ 47. Kg3 Rd4 48. Kf3 Kf5 49. Kg3 Rd3+ 50. Kg2 g4 51. Kh2 h5 52. Kg2 Ke6 53. Kf2 Rxd6 54. exd6 Kxf6 55. Kg3 Ke6 56. Kh4 Kxd6 57. Kxh5 g3 0-1

[Event "January 9 Late 2024"]
[Site "https://www.chess.com"]
[Date "2024.01.09"]
[Round "9"]
[White "Ladan, Nicholas"]
[Black "Goryachkina, Aleksandra"]
[Result "0-1"]
[Board "54"]
[TimeControl "180+1"]
[WhiteFideId "30918855"]
[BlackFideId "4147103"]
[WhiteElo "2509"]
[BlackElo "2656"]
[WhiteTeam "USA"]
[BlackTeam "FID"]
[WhiteClock "0:00:02"]
[BlackClock "0:00:27"]

1. Nf3 d5 2. g3 Bg4 3. Bg2 Nd7 4. h3 Bh5 5. d4 e6 6. O-O Bd6 7. c4 c6 8. cxd5 exd5 9. Nh4 Ne7 10. f4 f6 11. Qb3 Qb6 12. Qxb6 axb6 13. Nc3 b5 14. g4 Bf7 15. Bd2 b4 16. Nd1 O-O 17. Ne3 g6 18. f5 g5 19. Nf3 Ra6 20. Nc2 Rb6 21. b3 Ra8 22. Nfe1 c5 23. Nd3 c4 24. Ndxb4 Rc8 25. a3 cxb3 26. Ne3 Bxb4 27. Bxb4 Nc6 28. Nxd5 Rb5 29. Rac1 Bxd5 30. e4 b2 31. Rc2 Bb3 32. Rxb2 Nxd4 33. Re1 Ne5 34. Re3 Rc1+ 35. Kh2 Bc4 36. Rd2 Ndc6 37. Rd6 Kg7 38. Kg3 Nxb4 39. axb4 Rxb4 40. h4 h6 41. hxg5 hxg5 42. Ra3 Bf7 43. Rd8 Rc2 44. Bf3 Rbc4 45. Rb8 R4c3 46. Rxc3 Rxc3 47. Rxb7 Rxf3+ 0-1

[Event "January 9 Late 2024"]
[Site "https://www.chess.com"]
[Date "2024.01.09"]
[Round "9"]
[White "Sun, Rick"]
[Black "Novikov, Evgenij"]
[Result "1/2-1/2"]
[Board "55"]
[TimeControl "180+1"]
[WhiteFideId "30909481"]
[BlackFideId "4125380"]
[WhiteElo "2653"]
[BlackElo "2504"]
[WhiteTeam "USA"]
[BlackTeam "RUS"]
[WhiteClock "0:00:28"]
[BlackClock "0:00:12"]

1. d4 d5 2. Nc3 Nf6 3. Bf4 a6 4. e3 e6 5. Nf3 c5 6. Bd3 Nc6 7. O-O Bd6 8. dxc5 Bxc5 9. e4 d4 10. e5 dxc3 11. exf6 gxf6 12. bxc3 e5 13. Bg3 Bg4 14. Qe2 Qa5 15. Rab1 O-O-O 16. Rb3 Rhe8 17. Be4 Qc7 18. Rfb1 Na5 19. Bxb7+ Nxb7 20. Qxa6 Rd6 21. Qa8+ Kd7 22. Qa4+ Kd8 23. h3 Bxf3 24. gxf3 Rb6 25. Rxb6 Bxb6 26. Qb5 Re6 27. a4 Qc5 28. Qa6 Kc7 29. Rb4 Rc6 30. Qd3 Qxc3 31. Qe4 Qxc2 32. Qh4 Qd1+ 33. Kg2 Rc1 34. Rc4+ Kb8 35. Rxc1 Qxc1 36. Qxf6 Bc7 37. Bxe5 Qc4 38. Bxc7+ Kxc7 39. Qg7 Nd6 40. Qxh7 Qxa4 41. Qg7 Qf4 42. Qc3+ Kd7 43. Qg7 Ke7 44. Qg4 Qf6 45. h4 Nf5 46. Kh3 Kf8 47. Qg5 Qe6 48. Qg4 Ng7 49. Kg3 Qe5+ 50. Kh3 Qf5 51. Kg3 Qf6 52. Kg2 Kg8 53. Qc8+ Kh7 54. Qc2+ Kh6 55. Qe4 Nh5 56. Qg4 Nf4+ 57. Kg3 Ng6 58. h5 Ne5 59. Qf4+ Kg7 60. h6+ Qxh6 61. Qxe5+ f6 62. Qe7+ Kg6 63. Qe8+ Kg7 64. Qd7+ Kg6 65. Qg4+ Kf7 66. Kg2 Qh7 67. Kg3 Qh6 68. f4 Qh7 69. f5 Qh6 70. Kf3 Qh1+ 71. Kg3 Qg1+ 72. Kh3 Qh1+ 73. Kg3 Qg1+ 74. Kf3 Qd1+ 75. Kf4 Qd4+ 76. Kg3 Qd3+ 77. f3 Qd1 78. Qc4+ Kg7 79. Qg4+ Kh8 80. Qh5+ Kg8 81. Qg6+ Kh8 82. Qxf6+ Kg8 83. Qg6+ Kh8 84. Qh6+ Kg8 85. Qh2 Qd6+ 86. Kh3 Qh6+ 87. Kg2 Qd2+ 88. Kh1 Qd1+ 89. Qg1+ Qxg1+ 90. Kxg1 Kf7 91. Kg2 Kf6 92. Kg3 Kxf5 93. f4 Kf6 94. Kg4 Kg6 95. Kh4 Kf5 96. Kg3 Kf6 97. Kf3 Kf5 98. Ke3 Kf6 99. Ke4 Ke6 100. f5+ Kf6 101. Kf4 Kf7 102. Kg5 Kg7 103. Kf4 Kf6 104. Ke4 Kf7 105. Ke5 Ke7 106. f6+ Kf7 107. Kf5 Kf8 108. Kg6 Kg8 109. Kg5 Kf7 110. Kf5 Kf8 111. Ke6 Ke8 112. f7+ Kf8 113. Kf6 1/2-1/2

[Event "January 9 Late 2024"]
[Site "https://www.chess.com"]
[Date "2024.01.09"]
[Round "9"]
[White "Ezat, Mohamed"]
[Black "Garakov, Mikhael"]
[Result "1/2-1/2"]
[Board "56"]
[TimeControl "180+1"]
[WhiteFideId "10600906"]
[BlackFideId "4169034"]
[WhiteElo "2491"]
[BlackElo "2637"]
[WhiteTeam "EGY"]
[BlackTeam "RUS"]
[WhiteClock "0:00:05"]
[BlackClock "0:00:21"]

1. d4 c5 2. d5 g6 3. e4 Bg7 4. c4 d6 5. Nc3 e6 6. Be2 Ne7 7. h4 h5 8. Nf3 exd5 9. cxd5 O-O 10. Ng5 Nd7 11. g4 hxg4 12. Bxg4 Nf6 13. Bxc8 Qxc8 14. h5 gxh5 15. Rxh5 Qg4 16. Qxg4 Nxg4 17. f3 Ne5 18. Ke2 c4 19. Be3 N7g6 20. Rg1 Nd3 21. Kd2 b5 22. Ne6 b4 23. Nb5 Rfb8 24. Nxd6 Bxb2 25. Nxf7 Kxf7 26. Rh7+ Kf6 27. Rh6 Rg8 28. f4 Kf7 29. Rh7+ Kf6 30. Ng5 Raf8 31. e5+ Ngxe5 32. Ne4+ Kf5 33. Nd6+ Kf6 34. Ne4+ Kf5 35. Nd6+ Kf6 36. Ne4+ 1/2-1/2

[Event "January 9 Late 2024"]
[Site "https://www.chess.com"]
[Date "2024.01.10"]
[Round "9"]
[White "Al-Tarboush, Ward"]
[Black "Hoeffer, David"]
[Result "1-0"]
[Board "57"]
[TimeControl "180+1"]
[WhiteFideId "7601450"]
[BlackFideId "24606766"]
[WhiteElo "2630"]
[BlackElo "2479"]
[WhiteTeam "NOR"]
[BlackTeam "GER"]
[WhiteClock "0:00:12"]
[BlackClock "0:00:02"]

1. e4 c5 2. Nf3 d6 3. d4 cxd4 4. Nxd4 Nf6 5. Nc3 Nc6 6. Bg5 e6 7. Qd2 a6 8. O-O-O Bd7 9. f4 h6 10. Bh4 b5 11. Bxf6 gxf6 12. Kb1 Qb6 13. Nxc6 Bxc6 14. f5 b4 15. Ne2 Bxe4 16. fxe6 fxe6 17. Qf4 Qc6 18. Nd4 Qd5 19. Bc4 Qe5 20. Qd2 d5 21. Bb3 Bc5 22. Nf3 Bxf3 23. gxf3 O-O-O 24. Rhe1 Qd6 25. Qe2 Rhe8 26. f4 Kb7 27. Ba4 Re7 28. Qf3 Kb6 29. Bb3 d4 30. Re2 e5 31. fxe5 fxe5 32. Rg2 Qc7 33. Rg6+ Rd6 34. Rg8 Rd8 35. Rxd8 Qxd8 36. Rg1 Rd7 37. Qe4 Qc7 38. Rg6+ Rd6 39. Rg8 Rf6 40. a4 bxa3 41. bxa3 Bxa3 42. Ka2 Rf1 43. Qd3 Rf6 44. Kxa3 Rc6 45. Rg6 Ka5 46. Rxc6 Qxc6 47. Qc4 Qd6+ 48. Ka2 e4 49. Qa4+ Kb6 50. Bc4 Ka7 51. Qe8 d3 52. Qf7+ Kb6 53. Qf2+ Ka5 54. cxd3 exd3 55. Qd2+ Kb6 56. Bxd3 Qd4 57. Kb3 Qc5 58. Bc4 Qe5 59. Qxh6+ Kc5 60. Qf8+ Kd4 61. Qd8+ Ke3 62. Qd3+ Kf2 63. Qd2+ Kg1 64. Bd5 Qxh2 65. Qe1# 1-0